 Dungeon Crawl Stone Soup version 0.31-a0-845-g9abc20d24f (webtiles) character file.

Game seed: 18022416580655532854

6850 Conn the Conjurer (level 11, -7/61 HPs)
             Began as an Octopode Fire Elementalist on Oct 1, 2023.
             Was a Priest of Sif Muna.
             Mangled by a killer bee (9 damage)
             ... while paralysed by a hornet
             ... on level 9 of the Dungeon.
             The game lasted 00:32:14 (12923 turns).

Conn the Conjurer (Octopode Fire Elementalist)     Turns: 12923, Time: 00:32:14

Health: -7/61      AC:  1    Str:  9    XL:     11   Next: 6%
Magic:  9/22       EV:  2    Int: 21    God:    Sif Muna [***...]
Gold:   433        SH:  0    Dex: 12    Spells: 6/24 levels left

rFire   . . .        k - staff of cold
rCold   + . .        s - orb {*channel}
rNeg    . . .        (helmet restricted)
rPois   .            e - amulet of the acrobat
rElec   .            (no ring)
rCorr   .            (no ring)
SInv    .            (no ring)
Will    .....        (no ring)
Stlth   ++++         (no ring)
HPRegen 0.30/turn    (no ring)
MPRegen 0.18/turn    (no ring)
                     (no ring)

%: acrobat, channel magic (20%)
@: paralysed, lethally poisoned (-7 -> -24)
A: almost no armour, amphibious, 8 rings, camouflage 1, gelatinous body 1,
(nimble swimmer 1), tentacles
a: Renounce Religion, Channel Magic, Forget Spell


You were on level 9 of the Dungeon.
You worshipped Sif Muna.
Sif Muna was most pleased with you.
You visited 1 branch of the dungeon, and saw 9 of its levels.
You also visited: Sewer.

You collected 433 gold pieces.

Inventory:

Hand Weapons
 c - a +0 dagger
 m - a +3 dagger of chaos
 z - the +4 trident "Yreigroe" {speed, *Slow rC+ rN+ Dex+4}
   (You found it on level 8 of the Dungeon)

   Dex+4:     It affects your dexterity (+4).
   rC+:       It protects you from cold.
   rN+:       It protects you from negative energy.
   *Slow:     It may slow you when you take damage.
Missiles
 n - 2 throwing nets
Armour
 s - an orb of energy (worn)
Magical Staves
 k - a staff of cold (weapon)
Jewellery
 e - an amulet of the acrobat (around mantle)
 y - a +4 ring of slaying
Wands
 f - a wand of flame (68)
 o - a wand of iceblast (8)
 v - a wand of light (15)
Scrolls
 b - 2 scrolls of fear
 g - 2 scrolls of amnesia
 i - 4 scrolls of immolation
 j - a scroll of blinking
 l - 2 scrolls of fog
 p - a scroll of teleportation
 r - 2 scrolls of poison
 t - a scroll of enchant armour
 u - a scroll of identify
Potions
 a - a potion of magic
 d - 2 potions of ambrosia
 h - 2 potions of mutation
 q - 3 potions of curing
 w - 2 potions of lignification {unknown}
 x - a potion of brilliance {unknown}
 A - a potion of haste {unknown}


   Skills:
 + Level 6.0 Dodging
 - Level 6.0 Stealth
 * Level 7.3 Spellcasting
 * Level 7.7 Conjurations
 - Level 3.0 Hexes
 + Level 3.4 Summonings
 + Level 6.2 Fire Magic
 + Level 3.5 Air Magic
 - Level 3.0 Poison Magic
 * Level 6.2 Invocations


You had 6 spell levels left.
You knew the following spells:

 Your Spells              Type           Power      Damage    Failure   Level
a - Foxfire               Conj/Fire      100%       2x1d9     3%          1
b - Scorch                Fire           66%        2d7       5%          2
c - Inner Flame           Hex/Fire       27%        N/A       12%         3
d - Flame Wave            Conj/Fire      37%        2d10      14%         4
e - Sigil of Binding      Hex            20%        N/A       21%         3
f - Mephitic Cloud        Conj/Pois/Air  27%        N/A       12%         3
g - Call Imp              Summ           44%        N/A       11%         2

Your spell library contained the following spells:

 Spells                   Type           Power      Damage    Failure   Level
 Magic Dart               Conj           100%       1d8       3%          1
 Slow                     Hex            80%        N/A       10%         1
 Stone Arrow              Conj/Erth      48%        3d10      16%         3
 Volatile Blastmotes      Fire/Tloc      40%        2d13      19%         3
 Confusing Touch          Hex            20%        N/A       21%         3
 Sandblast                Erth           14%        2d6       22%         1
 Passwall                 Tmut/Erth      5%         N/A       30%         2
 Brom's Barrelling Bould  Conj/Erth      24%        2d5       36%         4
 Vampiric Draining        Necr           7%         2d6       47%         3


Dungeon Overview and Level Annotations

Branches:
Dungeon (9/15)             Temple (0/1) D:5           Sewer (visited)
   Lair: D:8-11         Orc: D:9-12

Altars:
Dithmenos
Elyvilon
Fedhas
Hepliaklqana
Makhleb
Okawaru
Sif Muna
Trog
Vehumet
Xom
Yredelemnul
Zin
The Shining One


Innate Abilities, Weirdness & Mutations

You cannot wear most types of armour.
You are amphibious.
You can wear up to eight rings at the same time.
Your skin changes colour to match your surroundings (Stealth+).
Your rubbery body absorbs attacks. (AC +1, EV +1)
((You are camouflaged when in or above water. (Stealth+)))
You have tentacles for arms and can constrict up to eight enemies at once.


Message History

The killer bee is severely wounded.
You finish channelling waves of flame.
You hear a shout!
You hear an angry buzzing noise.
The hornet completely misses you.
Unknown command.
Unknown command.
Casting: Flame Wave (dangerous; 14% risk of failure)
Confirm with . or Enter, or press ? or * to list all spells.
Casting: Flame Wave (dangerous; 14% risk of failure)
Press: ? - help, Dir - look around, f - activate A wave of flame ripples out!
The flame wave engulfs the hornet.
The hornet is moderately wounded. (Press . to intensify the flame waves.)
You hear a shout!
The hornet stings you!
You suddenly lose the ability to move!
The hornet stings you!
You feel yourself slow down.
The hornet barely misses itself.
The killer bee stings you!
You are poisoned.
The killer bee poisons you!
The killer bee misses the killer bee.
You feel yourself speed up.
You feel sick. The killer bee stings you!
* * * LOW HITPOINT WARNING * * *
You are more poisoned.
The killer bee poisons you!
An orc warrior comes into view. It is wielding a +0 hand axe.
The orc wizard casts a spell.
The orc wizard flickers and vanishes!
Deactivating autopickup; reactivate with Ctrl-A.
You hear an angry buzzing noise.
* * * LOW HITPOINT WARNING * * *
You feel very sick.
The killer bee's lost momentum returns!
The killer bee stings you.
* * * LOW HITPOINT WARNING * * *
The killer bee stings you!
* * * LOW HITPOINT WARNING * * *
You are more poisoned.
The killer bee poisons you!
The killer bee misses the killer bee.
An orc priest comes into view. It is wielding a +0 whip.
The killer bee stings you!
You die...

#...# .......# #...# .o....+
#...# .....#
#...#######o...#####
#..................#
##+###................<.#
.....#........y.y{y.....#
.....#..........†y......#
.....#.........y@^......#
.....#....#.............#
..........#.............#.....
.........###............#....#
....[...## ##...........#....#
#####..##. .##..........#....#
......##..# .##.........#....#
.....##..#.#..##........#....#
...### .#._.#. ###......#....#


You could see a hornet (confused), an orc warrior, 4 killer bees and an orc
priest.

Vanquished Creatures
  Pikel (D:7)
  Psyche (D:8)
  Maggie (D:7)
  Jeremiah (D:6)
  Grinder (D:4)
  A basilisk (D:8)
  12 yaks
  Menkaure (D:4)
  A water moccasin (D:7)
  Duvessa (D:4)
  An orc warrior (D:6)
  2 ice beasts
  A sky beast (D:7)
  2 ogres
  2 black bears (D:7)
  2 lemures
  4 centaurs
  Blork the orc (D:5)
  3 kobold brigands
  2 scorpions
  4 bullfrogs
  7 wights
  Dowan (D:4)
  4 killer bees
  4 electric eels (D:8)
  A howler monkey (D:8)
  2 hounds
  Crazy Yiuf (D:4)
  2 orc priests (D:7)
  A gnoll bouda (D:7)
  2 sleepcaps
  Natasha (thrice) (D:4)
  3 iguanas
  4 orc wizards
  5 gnolls (D:7)
  8 adders
  A river rat (D:3)
  A white imp (D:7)
  2 ufetubi (D:4)
  3 worms
  3 dart slugs
  15 orcs
  21 endoplasms
  12 giant cockroaches
  5 goblins
  9 hobgoblins
  8 quokkas
  23 ball pythons
  4 bats
  9 frilled lizards
  34 kobolds
  10 rats
253 creatures vanquished.

Vanquished Creatures (collateral kills)
  6 foxfires
6 creatures vanquished.

Vanquished Creatures (others)
  591 foxfires
591 creatures vanquished.

Grand Total: 850 creatures vanquished

Notes
Turn   | Place    | Note
-------+----------+-------------------------------------------
     0 | D:1      | Conn the Octopode Fire Elementalist began the quest for the
                  | Orb.
     0 | D:1      | Reached XP level 1. HP: 11/11 MP: 3/3
   258 | D:1      | Reached XP level 2. HP: 15/17 MP: 1/5
   863 | D:1      | Reached XP level 3. HP: 21/21 MP: 2/6
  1509 | D:2      | Found a faded altar of an unknown god.
  1707 | D:2      | Learned a level 2 spell: Scorch
  1711 | D:2      | Learned a level 3 spell: Inner Flame
  2463 | D:3      | Reached XP level 4. HP: 27/27 MP: 4/7
  2678 | D:3      | Found a blossoming altar of Fedhas.
  2704 | D:3      | Found a hazy altar of Hepliaklqana.
  2704 | D:3      | Found a basalt altar of Yredelemnul.
  2730 | D:3      | Found a glowing drain.
  2760 | Sewer    | Entered a sewer
  3018 | Sewer    | Reached XP level 5. HP: 31/31 MP: 5/9
  3581 | Sewer    | Reached XP level 6. HP: 36/36 MP: 3/10
  4228 | D:4      | Noticed Duvessa
  4235 | D:4      | Noticed Dowan
  4471 | D:3      | Learned a level 4 spell: Flame Wave
  4605 | D:4      | Noticed Grinder
  4610 | D:4      | Killed Grinder
  4611 | D:4      | Reached XP level 7. HP: 41/41 MP: 4/13
  4758 | D:4      | Reached skill level 5 in Stealth
  4758 | D:4      | Reached skill level 1 in Hexes
  5009 | D:4      | Killed Dowan
  5014 | D:4      | Noticed Natasha
  5030 | D:4      | Killed Natasha
  5082 | D:4      | Noticed Natasha
  5086 | D:4      | Killed Natasha
  5238 | D:4      | Noticed Natasha
  5242 | D:4      | Killed Natasha
  5283 | D:4      | Killed Duvessa
  5284 | D:4      | Reached XP level 8. HP: 19/46 MP: 4/14
  5662 | D:4      | Found a shimmering blue altar of Sif Muna.
  5665 | D:4      | Noticed Menkaure
  5668 | D:4      | Became a worshipper of Sif Muna the Loreminder
  5671 | D:4      | Killed Menkaure
  5785 | D:4      | Found a runed translucent door.
  5786 | D:4      | Noticed Crazy Yiuf
  5931 | D:4      | Found a glowing silver altar of Zin.
  5948 | D:4      | Learned a level 3 spell: Sigil of Binding
  6495 | D:4      | Reached * piety under Sif Muna
  6938 | D:4      | Killed Crazy Yiuf
  7117 | D:5      | Entered Level 5 of the Dungeon
  7136 | D:5      | Found a shimmering altar of Xom.
  7178 | D:5      | Found a white marble altar of Elyvilon.
  7308 | D:5      | Reached skill level 5 in Conjurations
  7411 | D:5      | Found a staircase to the Ecumenical Temple.
  7466 | D:5      | Noticed Blork the orc
  7472 | D:5      | Killed Blork the orc
  7473 | D:5      | Reached skill level 5 in Spellcasting
  7522 | D:5      | Reached skill level 1 in Invocations
  8487 | D:6      | Reached XP level 9. HP: 51/51 MP: 4/17
  8759 | D:6      | Learned a level 3 spell: Mephitic Cloud
  8762 | D:6      | Learned a level 2 spell: Call Imp
  8854 | D:6      | Reached skill level 5 in Fire Magic
  8918 | D:6      | Noticed Jeremiah
  9081 | D:6      | Found an iron altar of Okawaru.
  9090 | D:6      | Found a radiant altar of Vehumet.
  9479 | D:6      | Killed Jeremiah
  9480 | D:6      | Reached skill level 1 in Summonings
  9480 | D:6      | Reached skill level 1 in Poison Magic
  9737 | D:7      | Noticed Pikel
  9900 | D:7      | Reached skill level 1 in Air Magic
 10013 | D:7      | Killed Pikel
 10014 | D:7      | Reached skill level 5 in Dodging
 10412 | D:7      | Found a large runed translucent door.
 10412 | D:7      | Found a large runed translucent door.
 10482 | D:7      | Reached XP level 10. HP: 56/56 MP: 9/19
 10550 | D:7      | Noticed Maggie
 10556 | D:7      | Killed Maggie
 10612 | D:7      | Reached ** piety under Sif Muna
 10798 | D:7      | Reached skill level 5 in Invocations
 11181 | D:7      | Found a bloodstained altar of Trog.
 11194 | D:7      | Found a burning altar of Makhleb.
 11485 | D:8      | Found a shadowy altar of Dithmenos.
 11982 | D:8      | Reached *** piety under Sif Muna
 12229 | D:8      | Noticed Psyche
 12231 | D:8      | Killed Psyche
 12354 | D:8      | Identified the +4 trident "Yreigroe" {speed, *Slow rC+ rN+
                  | Dex+4}
 12394 | D:8      | Reached XP level 11. HP: 33/61 MP: 7/21
 12843 | D:9      | Found a glowing golden altar of the Shining One.
 12921 | D:9      | Paralysed by a hornet for 3 turns
 12923 | D:9      | HP: 2/61 [killer bee (7)]
 12923 | D:9      | Mangled by a killer bee

Illustrated notes

Levels and vault maps discovered:
D:1:      erik_arrival_blinker_ship, layout_basic, grunt_decor_cap
D:2:      layout_loops_corners, nicolae_ecumenical_pavilion
D:3:      layout_basic, fedhas_altar_3, nicolae_overflow_two_pavilions,
          portal_sewer_entry_a
D:4:      kennysheep_kobold_camp, layout_cave_pools,
          mainiacjoe_overflow_boulevard, lemuel_round_altar, uniq_duvessa,
          uniq_crazy_yiuf_cottage, uniq_natasha, uniq_menkaure, uniq_grinder
D:5:      layout_loops_corners, xom_butterflies, mainiacjoe_overflow_brackets,
          minmay_temple_entry_hall, uniq_blork_the_orc
D:6:      nicolae_BIG_FREAKIN_CUBE, layout_basic, mainiacjoe_overflow_swirl,
          uniq_jeremiah
D:7:      layout_loops_corners, jmf_multi_god_temple2, uniq_maggie, uniq_pikel
D:8:      layout_loops_corners, nicolae_overflow_hidden_temple,
          serial_bayou_pond_e, disabler_island, uniq_psyche
D:9:      layout_grid_maze, tso_metal_star

Skill      XL: |  1  2  3  4  5  6  7  8  9 10 |
---------------+-------------------------------+-----
Stealth        | 3 4 5 6 |  6.0
Conjurations   | 2 3 4 5 6 7 |  7.7
Spellcasting   | 3 4 5 6 7 |  7.3
Dodging        | 3 4 5 6 |  6.0
Fire Magic     | 4 5 6 |  6.2
Hexes          | 1 2 3 |  3.0
Invocations    | 2 4 6 |  6.2
Summonings     | 2 3 |  3.4
Poison Magic   | 2 3 |  3.0
Air Magic      | 1 3 |  3.5

Action                     |  1- 3 |  4- 6 |  7- 9 | 10-12 || total
---------------------------+-------+-------+-------+-------++-------
  Melee: Constrict         |    10 |     7 |    14 |       ||    31
         Unarmed           |     3 |       |       |       ||     3
         Dagger            |    33 |    21 |    47 |     9 ||   110
         Tentacles         |     9 |     2 |    12 |     2 ||    25
         Punch             |       |       |     2 |       ||     2
   Cast: Foxfire           |    56 |   102 |   120 |    63 ||   341
         Scorch            |     2 |     7 |    47 |    25 ||    81
         Inner Flame       |       |     5 |    19 |    13 ||    37
         Sigil of Binding  |       |       |    13 |     3 ||    16
         Flame Wave        |       |       |     5 |     6 ||    11
         Mephitic Cloud    |       |       |     2 |     5 ||     7
         Call Imp          |       |       |       |     6 ||     6
  Evoke: Wand              |       |       |     1 |       ||     1
    Use: Scroll            |       |     6 |     8 |     1 ||    15
         Potion            |       |       |     1 |       ||     1
   Stab: Sleeping          |    10 |     4 |     7 |     3 ||    24
         Confused          |       |       |     1 |       ||     1
 Armour: Skin              |    11 |    12 |    40 |    25 ||    88
  Dodge: Dodged            |    22 |    16 |    56 |    37 ||   131

Table legend: (Time is in decaauts)
 A = Elapsed time spent in this place.
 B = Non-inter-level travel time spent in this place.
 C = Inter-level travel time spent in this place.
 D = Time resting spent in this place.
 E = Time spent auto-exploring this place.
 F = Levels seen in this place.
 G = Mean time per level.
                   A        B        C        D        E       F      G
               +--------+--------+--------+--------+--------+-----+--------+
         Total |  12925 |  12676 |    249 |   1352 |   8567 |  10 | 1292.5 |
       Dungeon |  11996 |  11747 |    249 |   1306 |   7936 |   9 | 1332.9 |
         Sewer |    928 |    928 |      0 |     46 |    631 |   1 |  928.0 |
               +--------+--------+--------+--------+--------+-----+--------+

Top non-repeatable levels by time:
     D:4: 2255 daAuts
     D:6: 1572 daAuts
     D:8: 1567 daAuts
     D:1: 1508 daAuts
     D:3: 1485 daAuts
     D:7: 1401 daAuts
     D:5: 1133 daAuts
     D:2: 943 daAuts
   Sewer: 928 daAuts
     D:9: 129 daAuts
